 Dungeon Crawl Stone Soup version 0.31.0-32-g396128a36d (webtiles) character file.

Game seed: 14924437981612185412

32367 DEADISDEAD the Bludgeoner (level 13, 0/111 HPs)
             Began as a Pale Draconian Wanderer on Apr 23, 2024.
             Was the Champion of Okawaru.
             Slain by an eight-headed hydra (11 damage)
             ... on level 14 of the Dungeon on Apr 25, 2024.
             The game lasted 01:00:58 (15879 turns).

DEADISDEAD the Bludgeoner (DrWn)                   Turns: 15879, Time: 01:00:58

Health: 0/111      AC: 11    Str: 15    XL:     13   Next: 31%
Magic:  0/17       EV: 20    Int: 18    God:    Okawaru [******]
Gold:   956        SH:  4    Dex: 18    Spells: 7/12 levels left

rFire   + . .        J - +7 eveningstar "Gioffoc" {venom, *Corrode rC++ Int+4}
rCold   + + .        L - +0 buckler of Action {rCorr Int+4}
rNeg    . . .        (body armour unavailable)
rPois   .            (helmet restricted)
rElec   .            y - +1 cloak
rCorr   +            k - +0 pair of gloves
SInv    .            (no boots)
Will    .....        x - amulet of guardian spirit
Stlth   +++          m - +5 ring of evasion
HPRegen 0.38/turn    o - ring of protection from fire
MPRegen 0.15/turn

%: corrode self (3%), guardian spirit
@: no status effects
A: breathe steam, AC +8, unfitting armour, cold-blooded, steam resistance
a: Breathe Steam, Renounce Religion, Heroism, Finesse, Duel


You were on level 14 of the Dungeon.
You worshipped Okawaru.
Okawaru was exalted by your worship.
You visited 3 branches of the dungeon, and saw 17 of its levels.

You collected 1046 gold pieces.
You spent 90 gold pieces at shops.

Inventory:

Hand Weapons
 a - a +3 heavy hand axe
 g - a +5 dire flail of freezing
 s - a +1 scimitar of flaming
 B - a +0 morningstar
 C - a +0 great mace
 F - a +0 battleaxe
 J - the +7 eveningstar "Gioffoc" (weapon) {venom, *Corrode rC++ Int+4}
   (Okawaru gifted it to you on level 14 of the Dungeon)

   Int+4:     It affects your intelligence (+4).
   rC++:      It greatly protects you from cold.
   *Corrode:  It may corrode you when you take damage.
Missiles
 h - 120 stones (quivered)
 E - 12 boomerangs
 G - 5 atropa-tipped darts
Armour
 k - a +0 pair of gloves (worn)
 y - a +1 cloak (worn)
 L - the +0 buckler of Action (worn) {rCorr Int+4}
   (Okawaru gifted it to you on level 14 of the Dungeon)

   Int+4:     It affects your intelligence (+4).
   rCorr:     It protects you from acid and corrosion.
Magical Staves
 d - a staff of cold
Jewellery
 c - a +6 ring of intelligence
 m - a +5 ring of evasion (left hand)
 n - a ring of fire
 o - a ring of protection from fire (right hand)
 v - a ring of see invisible
 x - an amulet of guardian spirit (around neck)
 z - a ring of ice
 I - an amulet of magic regeneration
Talismans
 f - a flux talisman
Wands
 b - a wand of polymorph (2)
 r - a wand of flame (13)
 w - a wand of iceblast (4)
 M - a wand of quicksilver (5)
Scrolls
 j - 3 scrolls of blinking
 A - 6 scrolls of teleportation
 D - 4 scrolls of identify
 H - a scroll of fog
Potions
 e - 3 potions of enlightenment
 i - 7 potions of curing
 l - 2 potions of haste
 p - 3 potions of magic
 q - 2 potions of invisibility
 t - a potion of cancellation
 u - 3 potions of mutation
 K - a potion of might


   Skills:
 + Level 9.1 Fighting
 - Level 8.7(13.0) Axes
 - Level 15.2(16.1) Maces & Flails
 + Level 6.9 Dodging
 - Level 4.1 Stealth
 - Level 6.3 Invocations
 - Level 9.3 Evocations


You had 7 spell levels left.
You knew the following spells:

 Your Spells              Type           Power      Damage    Failure   Level
a - Fireball              Conj/Fire      0%         3d3       100%        5

Your spell library contained the following spells:

 Spells                   Type           Power      Damage    Failure   Level
 Kiss of Death            Conj/Necr      0%         2d5       30%         1
 Slow                     Hex            0%         N/A       30%         1
 Ensorcelled Hibernation  Hex/Ice        0%         N/A       41%         2
 Confusing Touch          Hex            0%         N/A       65%         3
 Fugue of the Fallen      Necr           0%         N/A       65%         3
 Sigil of Binding         Hex            0%         N/A       65%         3
 Vampiric Draining        Necr           0%         2d6       65%         3
 Anguish                  Hex/Necr       0%         N/A       96%         4
 Brom's Barrelling Bould  Conj/Erth      0%         2d3       96%         4
 Dispel Undead            Necr           0%         3d6       96%         4
 Passage of Golubria      Tloc           0%         N/A       96%         4
 Iskenderun's Battlesphe  Conj           0%         2d6       100%        5
 Silence                  Hex/Air        0%         N/A       100%        5
 Conjure Ball Lightning   Conj/Air       0%         3x3d6     100%        6
 Orb of Destruction       Conj           0%         9d5       100%        7
 Lehudib's Crystal Spear  Conj/Erth      0%         10d2      100%        8


Dungeon Overview and Level Annotations

Branches:
Dungeon (14/15)            Temple (1/1) D:4            Lair (0/5) D:9
    Orc (2/2) D:11            Elf (0/3) Orc:2
 Vaults: D:13-14

Altars:
Ashenzari
Cheibriados
Dithmenos
Elyvilon
Fedhas
Gozag
Hepliaklqana
Kikubaaqudgha
Makhleb
Nemelex Xobeh
Okawaru
Qazlal
Ru
Sif Muna
Trog
Uskayaw
Vehumet
Wu Jian
Xom
Yredelemnul
Zin
The Shining One

Shops:
D:4 *   D:7 *   Orc:1 [

Annotations:
D:12 exclusion: downstairs
Orc:1 2 transporters, Keeluq's ghost, journeyman GrEE


Innate Abilities, Weirdness & Mutations

You can breathe blasts of scalding, opaque steam.
Your pale cyan-grey scales are hard. (AC +8)
You cannot fit into any form of body armour.
You are cold-blooded and may be slowed by cold attacks.
You are immune to the effects of steam.


Message History

You completely miss the eight-headed hydra.
The eight-headed hydra is moderately wounded.
The eight-headed hydra bites you but does no damage.
The eight-headed hydra misses you. The eight-headed hydra bites you. x3
The eight-headed hydra bites you but does no damage.
The eight-headed hydra bites you. The eight-headed hydra bites you!
You bludgeon the eight-headed hydra!!
The eight-headed hydra is heavily wounded.
The eight-headed hydra bites you!
* * * LOW HITPOINT WARNING * * *
The eight-headed hydra closely misses you.
The eight-headed hydra misses you. x3
The eight-headed hydra completely misses you.
The eight-headed hydra bites you.
* * * LOW HITPOINT WARNING * * *
You block the eight-headed hydra's attack.
Unknown command.
You barely miss the eight-headed hydra.
The eight-headed hydra is heavily wounded.
You bludgeon the eight-headed hydra!! You tail-slap the eight-headed hydra.
The eight-headed hydra is almost dead.
The eight-headed hydra bites you!
* * * LOW HITPOINT WARNING * * *
The eight-headed hydra misses you.
The eight-headed hydra barely misses you.
The eight-headed hydra misses you. The eight-headed hydra bites you!
* * * LOW HITPOINT WARNING * * *
The eight-headed hydra bites you but does no damage.
You block the eight-headed hydra's attack.
The eight-headed hydra completely misses you.
Unknown command.
You barely miss the eight-headed hydra. You tail-slap the eight-headed hydra.
The eight-headed hydra is almost dead.
The eight-headed hydra bites you.
* * * LOW HITPOINT WARNING * * *
The eight-headed hydra misses you.
The eight-headed hydra closely misses you.
You block the eight-headed hydra's attack.
The eight-headed hydra bites you!
You die...

#..>.#######≈#.#
###.#......≈#...
###.#.####≈#...#
#######...#.# #≈#...#≈
##.......###.####≈#.#≈#
#.................≈#.#≈
#..............##≈#...#
#.#####...##....≈#...#.
#.CD@.......#≈#...#≈#
#..#######....≈..#≈#≈
#..# #..#..≈#≈### #..#
#..####≈## #.C# #..# ##
#..†.C...#..#
##########..# ....
####.


You could see an eight-headed hydra and a cyclops.

Vanquished Creatures
  A hydra (D:14)
  7 two-headed ogres
  3 boulder beetles
  6 centaur warriors
  An orc high priest (Orc:1)
  A deep troll (D:14)
  2 orc knights
  2 deep elf pyromancers
  An ugly thing (D:13)
  3 cyclopes (D:14)
  2 orc sorcerers (Orc:1)
  4 manticores
  A gargoyle (D:12)
  An efreet (D:13)
  10 trolls
  A hornet (D:7)
  3 shadows
  3 wyverns
  9 yaks
  2 vampires (D:12)
  2 wraiths (D:10)
  3 wargs
  A water elemental (D:14)
  2 basilisks
  6 steam dragons
  10 vampire mosquitoes
  An acid dragon (D:10)
  3 water moccasins
  A sky beast (D:8)
  An ice beast (D:8)
  23 orc warriors
  2 laughing skulls (D:13)
  5 ogres
  8 centaurs
  A kobold brigand (D:9)
  A gnoll sergeant (D:7)
  4 scorpions
  9 wights (D:7)
  17 killer bees
  5 howler monkeys
  3 electric eels (D:11)
  A bombardier beetle (D:6)
  4 hounds
  15 orc priests
  4 iguanas
  20 orc wizards
  Natasha (D:2)
  Robin (D:2)
  9 gnolls
  3 adders
  6 shadow imps
  2 white imps
  5 dart slugs
  76 orcs
  6 endoplasms
  3 giant cockroaches
  12 goblins
  7 hobgoblins
  A quokka (D:1)
  3 ball pythons (D:4)
  8 bats
  11 frilled lizards (D:1)
  9 kobolds
  5 rats
383 creatures vanquished.

Vanquished Creatures (others)
  2 orc wizards
  An orc (D:8)
3 creatures vanquished.

Grand Total: 386 creatures vanquished

Notes
Turn   | Place    | Note
-------+----------+-------------------------------------------
     0 | D:1      | DEADISDEAD the Draconian Wanderer began the quest for the
                  | Orb.
     0 | D:1      | DEADISDEAD set off with the following items: a +3 hand axe,
                  | a wand of polymorph (7), a potion of heal wounds.
     0 | D:1      | Reached XP level 1. HP: 19/19 MP: 1/1
   101 | D:1      | Reached XP level 2. HP: 25/26 MP: 2/2
   782 | D:2      | Noticed Robin
   797 | D:2      | Reached XP level 3. HP: 33/33 MP: 3/3
   843 | D:2      | Killed Robin
  1108 | D:2      | Noticed Sigmund
  1110 | D:2      | Noticed Sigmund
  1113 | D:2      | Sigmund the crocodile changed into Sigmund the iguana
  1113 | D:2      | Noticed Sigmund
  1131 | D:2      | Killed Sigmund the iguana
  1132 | D:2      | Reached XP level 4. HP: 33/40 MP: 4/4
  1363 | D:2      | Noticed Natasha
  1371 | D:2      | Killed Natasha
  1985 | D:4      | Reached skill level 5 in Axes
  1985 | D:4      | Reached XP level 5. HP: 26/47 MP: 5/5
  2269 | D:4      | Found a staircase to the Ecumenical Temple.
  2274 | D:4      | You fall into a shaft and drop 2 floors!
  2307 | D:5      | Entered Level 5 of the Dungeon
  2324 | Temple   | Entered the Ecumenical Temple
  2332 | Temple   | Became a worshipper of Warmaster Okawaru
  2409 | D:4      | Found Heary's CLEARANCE SALE!.
  2411 | D:4      | Reached XP level 6. HP: 53/53 MP: 6/6
  2860 | D:4      | Bought a wand of iceblast (5) for 60 gold pieces
  2860 | D:4      | Bought 3 scrolls of identify for 30 gold pieces
  3006 | D:5      | Found a bloodstained altar of Trog.
  3757 | D:5      | Your scales start taking on a pale cyan-grey colour.
  3757 | D:5      | Reached XP level 7. HP: 53/60 MP: 7/7
  3757 | D:5      | Gained mutation: You are immune to the effects of steam.
                  | [Pale Draconian growth]
  4056 | D:5      | Found a stormy altar of Qazlal.
  4056 | D:5      | Found a blossoming altar of Fedhas.
  4056 | D:5      | Found a basalt altar of Yredelemnul.
  4071 | D:5      | Reached * piety under Okawaru
  4255 | D:6      | Learned a level 5 spell: Fireball
  4905 | D:7      | Noticed a hornet
  4908 | D:7      | Killed a hornet
  4909 | D:7      | Reached skill level 5 in Evocations
  4909 | D:7      | Reached XP level 8. HP: 67/67 MP: 8/8
  4923 | D:7      | Found Zin's Purification Station.
  4925 | D:7      | Found a glowing silver altar of Zin.
  4995 | D:7      | Reached ** piety under Okawaru
  5174 | D:7      | Reached skill level 1 in Maces & Flails
  5178 | D:7      | Reached skill level 2 in Maces & Flails
  5384 | D:7      | Reached skill level 3 in Maces & Flails
  5490 | D:7      | Reached skill level 4 in Maces & Flails
  5612 | D:7      | Reached skill level 5 in Maces & Flails
  5984 | D:7      | Reached skill level 6 in Maces & Flails
  5984 | D:7      | Reached XP level 9. HP: 64/70 MP: 7/9
  6267 | D:8      | Reached *** piety under Okawaru
  6295 | D:8      | Reached skill level 7 in Maces & Flails
  6563 | D:8      | Reached skill level 8 in Maces & Flails
  6794 | D:8      | Reached skill level 1 in Invocations
  6797 | D:8      | Reached **** piety under Okawaru
  6798 | D:8      | Reached skill level 9 in Maces & Flails
  7053 | D:9      | Noticed a troll
  7069 | D:9      | Killed a troll
  7075 | D:9      | Reached XP level 10. HP: 45/80 MP: 6/12
  7246 | D:9      | Reached skill level 10 in Maces & Flails
  7332 | D:9      | Reached ***** piety under Okawaru
  7362 | D:9      | Found a staircase to the Lair.
  7399 | D:9      | Reached skill level 5 in Invocations
  7489 | D:9      | Reached skill level 11 in Maces & Flails
  7882 | D:10     | Entered Level 10 of the Dungeon
  8081 | D:10     | Received a gift from Okawaru
  8085 | D:10     | Noticed a two-headed ogre
  8098 | D:10     | Killed a two-headed ogre
  8272 | D:10     | Reached skill level 12 in Maces & Flails
  8328 | D:10     | Noticed a two-headed ogre
  8337 | D:10     | Killed a two-headed ogre
  8338 | D:10     | Reached XP level 11. HP: 85/85 MP: 15/15
  9171 | D:11     | Noticed a two-headed ogre
  9176 | D:11     | Killed a two-headed ogre
  9176 | D:11     | Received a gift from Okawaru
  9283 | D:11     | Reached skill level 13 in Maces & Flails
  9572 | D:11     | Found a staircase to the Orcish Mines.
  9593 | Orc:1    | Entered Level 1 of the Orcish Mines
  9593 | Orc:1    | Noticed an orc knight
  9761 | Orc:1    | Noticed a two-headed ogre
  9764 | Orc:1    | Noticed Keeluq's ghost (journeyman GrEE)
  9786 | Orc:1    | Noticed an orc high priest
  9791 | Orc:1    | Noticed a two-headed ogre
  9803 | Orc:1    | Killed an orc high priest
  9951 | Orc:1    | Noticed an orc knight
  9993 | D:11     | Killed an orc knight
 10321 | Orc:1    | Found a transporter.
 10380 | Orc:1    | Found a transporter.
 10533 | Orc:1    | Found Doet's Armour Shop.
 10540 | Orc:1    | Noticed an orc sorcerer
 10544 | Orc:1    | Killed an orc sorcerer
 10545 | Orc:1    | Reached skill level 14 in Maces & Flails
 10592 | Orc:1    | Found a bloodstained altar of Trog.
 10608 | Orc:2    | Entered Level 2 of the Orcish Mines
 10608 | Orc:2    | Found a staircase to the Elven Halls.
 10859 | Orc:2    | Noticed a two-headed ogre
 10872 | Orc:2    | Killed a two-headed ogre
 10872 | Orc:2    | Received a gift from Okawaru
 11091 | Orc:2    | Noticed an orc knight
 11293 | Orc:1    | Noticed an orc sorcerer
 11296 | Orc:1    | Killed an orc sorcerer
 11297 | Orc:1    | Reached XP level 12. HP: 92/92 MP: 16/16
 11379 | Orc:2    | Noticed a two-headed ogre
 11395 | Orc:2    | Killed a two-headed ogre
 12022 | D:12     | Reached skill level 15 in Maces & Flails
 12191 | D:12     | Found a broken altar of Ashenzari.
 12297 | D:12     | Received a gift from Okawaru
 12298 | D:12     | Reached skill level 5 in Fighting
 12802 | D:12     | Noticed a two-headed ogre
 12892 | D:12     | Killed a two-headed ogre
 13267 | D:13     | Noticed a boulder beetle
 13294 | D:13     | Killed a boulder beetle
 13420 | D:13     | Noticed a centaur warrior
 13424 | D:13     | Noticed a boulder beetle
 13425 | D:13     | Killed a centaur warrior
 13443 | D:13     | Killed a boulder beetle
 13580 | D:13     | Noticed a centaur warrior
 13805 | D:13     | Noticed a centaur warrior
 14213 | D:13     | Reached skill level 5 in Dodging
 14220 | D:13     | Killed a centaur warrior
 14220 | D:13     | Received a gift from Okawaru
 14290 | D:13     | Noticed a two-headed ogre
 14300 | D:13     | Killed a two-headed ogre
 14356 | D:13     | Killed a centaur warrior
 15132 | D:14     | Reached ****** piety under Okawaru
 15133 | D:14     | Reached XP level 13. HP: 110/110 MP: 17/17
 15133 | D:14     | Acquired the +7 eveningstar "Gioffoc" {venom, *Corrode rC++
                  | Int+4}
 15133 | D:14     | Received a gift from Okawaru
 15221 | D:14     | Received a gift from Okawaru
 15231 | D:14     | HP: 5/110 [two-headed hydra (10)]
 15231 | D:14     | HP: 2/110 [two-headed hydra (3)]
 15508 | D:14     | Acquired the +0 buckler of Action {rCorr Int+4}
 15508 | D:14     | Received a gift from Okawaru
 15879 | D:14     | Slain by an eight-headed hydra

Illustrated notes

Levels and vault maps discovered:
D:1:      lightli_arrival_statue_moat, layout_rooms, serial_rivers,
          chequers_serial_rivers_room_a, chequers_serial_rivers_micro_c,
          chequers_serial_rivers_micro_c, chequers_serial_rivers_large_b,
          chequers_serial_rivers_small_a, chequers_serial_rivers_marsh,
          minmay_lizard_pond
D:2:      layout_loops_ring, kennysheep_decorative_pillar, uniq_sigmund,
          uniq_natasha, uniq_robin
D:3:      layout_basic
D:4:      layout_basic, minmay_temple_entry_statues_fountains,
          nicolae_shop_clearance
D:5:      layout_basic, gammafunk_temple_overflow_claw, bloody_trog
D:6:      layout_loops_ring
D:7:      layout_cave_pods, zin_purify
D:8:      layout_basic, nicolae_figureground_pulse
D:9:      layout_basic, minmay_lair_entry_grove
D:10:     layout_cave_pools
D:11:     layout_big_octagon, erik_orc_2
D:12:     layout_grid_maze, cheibrodos_ashenzari_chains
D:13:     layout_cave_pools, bh_walls_and_bars
D:14:     layout_basic, david_vaults_4, nicolae_water_bricks
Temple:   nicolae_temple_bog_church
Orc:1:    layout_diamond_mine, gammafunk_ghost_wrathful_warriors, serial_shops,
          shop
Orc:2:    grunt_orc_cross, layout_diamond_mine

Skill      XL: |  1  2  3  4  5  6  7  8  9 10 11 12 13 |
---------------+----------------------------------------+-----
Axes           | 4 5 6 8 |  8.7
Fighting       | 4 8 9 |  9.1
Evocations     | 3 5 6 8 9 |  9.3
Maces & Flails | 6 9 12 14 15 | 15.2
Invocations    | 3 6 |  6.3
Dodging        | 6 |  6.9
Stealth        | 4 |  4.1

Action                     |  1- 3 |  4- 6 |  7- 9 | 10-12 | 13-15 || total
---------------------------+-------+-------+-------+-------+-------++-------
  Melee: Hand axe          |    97 |   142 |    58 |       |       ||   297
         Tailslap          |    10 |    21 |    34 |    82 |    19 ||   166
         Punch             |       |     4 |       |       |       ||     4
         Dire flail        |       |       |   188 |   553 |       ||   741
         Eveningstar       |       |       |       |       |    76 ||    76
         Scimitar          |       |       |       |       |     8 ||     8
  Throw: Stone             |       |     1 |       |     2 |       ||     3
 Invoke: Heroism           |       |       |       |     5 |       ||     5
         Receive Weapon    |       |       |       |       |     1 ||     1
         Receive Armour    |       |       |       |       |     1 ||     1
Ability: Breathe Steam     |       |       |       |    28 |     1 ||    29
  Evoke: Wand              |     5 |     5 |    12 |    42 |       ||    64
    Use: Scroll            |     4 |     9 |     2 |     9 |       ||    24
         Potion            |       |       |       |     7 |     2 ||     9
   Stab: Sleeping          |       |     7 |     3 |       |     1 ||    11
         Distracted        |       |     1 |       |       |       ||     1
 Armour: Skin              |    39 |    53 |   105 |   287 |    99 ||   583
  Dodge: Dodged            |    49 |   100 |   169 |   425 |   113 ||   856
  Block: Buckler           |       |       |       |       |    17 ||    17
